 Dungeon Crawl Stone Soup version 0.27.1-2-g3b301248ec (webtiles) character file.

Game seed: 10970910596330807724

17082 DearestLeader the Destroyer (level 12, -4/77 HPs)
             Began as an Octopode Conjurer on Oct 5, 2021.
             Was a Believer of Ru.
             Slain by a cane toad (7 damage)
             ... on level 2 of the Lair of Beasts.
             The game lasted 00:38:33 (16619 turns).

DearestLeader the Destroyer (Octopode Conjurer)    Turns: 16619, Time: 00:38:34

Health: -4/77      AC:  3    Str:  6    XL:     12   Next: 44%
Magic:  16/27      EV: 20    Int: 27    God:    Ru [**....]
Gold:   586        SH: 10    Dex: 14    Spells: 9/19 levels left

rFire    + . .     SeeInvis .   v - +7 dagger of Yckei {elec, rF+ rCorr Int+7}
rCold    . . .     Faith    .   h - +0 buckler
rNeg     . . .     Spirit   .   o - +2 hat
rPois    .         Reflect  +   u - amulet of reflection
rElec    .         Harm     .   i - +4 ring of evasion
rCorr    +         Rampage  .   M - ring of magical power
Will     .....                  (no ring)
Stlth    +++++.....             (no ring)
HPRegen  0.22/turn              (no ring)
MPRegen  0.20/turn              (no ring)
                                (no ring)
                                (no ring)

@: hasted, very quick
A: almost no armour, amphibious, 8 rings, camouflage 1, clumsy 1, gelatinous
body 1, hated by all, (nimble swimmer 1), tentacles
a: Renounce Religion


You were on level 2 of the Lair of Beasts.
You worshipped Ru.
Ru was pleased with you.
You visited 3 branches of the dungeon, and saw 13 of its levels.
You also visited: Sewer.

You collected 586 gold pieces.

Inventory:

Hand Weapons
 f - a +0 dagger
 l - a +0 whip of electrocution
 m - a +2 vorpal mace
 n - a +3 quarterstaff of chaos
 v - the +7 dagger of Yckei (weapon) {elec, rF+ rCorr Int+7}
   (You took it off a gnoll on level 4 of the Dungeon)

   It occasionally discharges a powerful burst of electricity upon striking a
   foe.
   Int:       It affects your intelligence (+7).
   rF:        It protects you from fire.
   rCorr:     It protects you from acid and corrosion.
Missiles
 r - 83 poisoned darts (quivered)
 t - 2 throwing nets
Armour
 h - a +0 buckler (worn)
 o - a +2 hat (worn)
Jewellery
 e - an amulet of the acrobat
 i - a +4 ring of evasion (left tentacle)
 p - an amulet of regeneration
 u - an amulet of reflection (around mantle)
 M - a ring of magical power (right tentacle)
Wands
 s - a wand of paralysis (17)
 w - a wand of flame (15)
 G - a wand of acid (4)
 I - a wand of iceblast (4)
 L - a wand of digging (7)
Scrolls
 a - 3 scrolls of fog
 b - a scroll of teleportation
 d - a scroll of silence {unknown}
 j - 3 scrolls of magic mapping
 k - a scroll of torment
 q - a scroll of amnesia
 y - a scroll of fear {unknown}
 z - a scroll of summoning {unknown}
 B - 2 scrolls of blinking {unknown}
 C - 2 scrolls of enchant weapon
 E - 3 scrolls of noise
 J - a scroll of enchant armour {unknown}
Potions
 c - a potion of attraction
 g - a potion of lignification {unknown}
 x - a potion of mutation {unknown}
 A - a potion of haste
 D - a potion of cancellation {unknown}
 F - 3 potions of ambrosia
 H - 2 potions of degeneration {unknown}
 K - 3 potions of brilliance


   Skills:
 + Level 5.1 Fighting
 * Level 8.0 Short Blades
 + Level 6.7 Dodging
 - Level 10.0 Stealth
 - Level 4.0 Shields
 + Level 4.2 Spellcasting
 * Level 12.8 Conjurations
 + Level 5.9 Hexes


You had 9 spell levels left.
You knew the following spells:

 Your Spells              Type           Power      Damage    Failure   Level
a - Magic Dart            Conj           100%       1d8       1%          1
b - Searing Ray           Conj           100%       3d7       1%          2
c - Fulminant Prism       Conj/Hex       27%        3d14      1%          4
d - Dazzling Flash        Conj/Hex       100%       N/A       1%          3

Your spell library contained the following spells:

 Spells                   Type           Power      Damage    Failure   Level
 Iskenderun's Mystic Bla  Conj/Tloc      40%        2d9       5%          4
 Inner Flame              Hex/Fire       21%        N/A       7%          3
 Portal Projectile        Hex/Tloc       42%        N/A       7%          3
 Cause Fear               Hex            19%        N/A       7%          4
 Leda's Liquefaction      Hex/Erth       10%        N/A       22%         4
 Gell's Gravitas          Tloc           2%         N/A       24%         3
 Lesser Beckoning         Tloc           2%         N/A       24%         3
 Teleport Other           Tloc           5%         N/A       24%         3
 Silence                  Hex/Air        10%        N/A       54%         5
 Agony                    Necr           5%         N/A       91%         5
 Discord                  Hex            19%        N/A       100%        8
 Call Canine Familiar     Summ           Unusable   N/A       N/A         3

Dungeon Overview and Level Annotations

Branches:
Dungeon (8/15)             Temple (1/1) D:4            Lair (4/6) D:8
  Sewer (visited)
  Swamp: Lair:2-4    Shoals: Lair:2-4     Snake: Lair:2-4    Spider: Lair:2-4

Altars:
Ashenzari
Cheibriados
Elyvilon
Fedhas
Gozag
Hepliaklqana
Kikubaaqudgha
Nemelex Xobeh
Okawaru
Qazlal
Ru
Sif Muna
Trog
Uskayaw
Vehumet
Wu Jian
Xom
Yredelemnul
Zin
The Shining One

Shops:
D:2 [

Annotations:
D:3 2 transporters, RawMediocrity's ghost, amateur HuFi
Lair:2 exclusion: 4 oklob plants


Innate Abilities, Weirdness & Mutations

You cannot wear most types of armour.
You are amphibious.
You can wear up to eight rings at the same time.
Your skin changes colour to match your surroundings (Stealth+).
You are clumsy. (Dex -2)
Your rubbery body absorbs attacks. (AC +1, EV +1)
You are hated by all.
((You are camouflaged near water. (Stealth+)))
You have tentacles for arms and can constrict up to eight enemies at once.


Message History

You feel sick.
You feel sick.
You feel sick.
You feel sick.
You feel sick.
You feel sick.
You are no longer poisoned.
Casting: Searing Ray (safe; 1% risk of failure)
Confirm with . or Enter, or press ? or * to list all spells.
Aiming: Searing Ray (safe; 1% risk of failure)
Press: ? - help, Shift-Dir - straight line, f - cane toad
Aim: a cane toad (85% to hit)
The searing ray hits the cane toad!
The cane toad is moderately wounded.
The searing ray hits the yak!
The yak is heavily wounded. (Press . to maintain the ray.)
The cane toad stings you.
The yak gores the fungus!
The fungus begins to die.
The searing ray misses the cane toad.
The searing ray hits the yak.
The yak is severely wounded.
The cane toad stings you!!
* * * LOW HITPOINT WARNING * * *
You are poisoned.
The cane toad poisons you!
The yak gores the fungus!
The searing ray hits the cane toad!
The cane toad is heavily wounded.
The searing ray hits the yak!
You kill the yak!
The searing ray hits the yak!
The yak is moderately wounded.
You feel very sick. The cane toad stings you!
* * * LOW HITPOINT WARNING * * *
Your Short Blades skill increases to level 8!
You feel better. You block the cane toad's attack. The yak misses you.
The yak gores the fungus.
The cane toad stings you!
* * * LOW HITPOINT WARNING * * *
You feel yourself speed up. The yak barely misses you.
The yak gores the fungus!
The cane toad stings you!
You die...

##...................# #
#...................# # #
##.......#.#.......... .. #
#........................ ##
##.........#.#.#..##+....
.####..........+.#..........#
............###..............
.................Y....†..#..
....###..##P.##P@#..........#
....P#.########PF#.......#.##
....P### #.Y#..P#.###.#
....## #..Y.........# ....#
##....Y....... ....#
#....Y..###..# .
##..D?....#..## .
#....PY†...... .
#........##...#


You could see a seven-headed hydra (wandering), 3 yaks and a cane toad.

Vanquished Creatures
  Kirke (Lair:3)
  Harold (D:7)
  A hydra (Lair:1)
  3 death yaks (Lair:3)
  Maurice (D:8)
  A black mamba (Lair:3)
  9 cane toads
  6 komodo dragons
  8 blink frogs
  A hog (Lair:3)
  A yak (Lair:2)
  2 basilisks
  A steam dragon (Lair:3)
  Duvessa (D:4)
  10 water moccasins
  An orc warrior (D:6)
  3 sky beasts
  A hornet zombie (D:7)
  3 necrophages (D:6)
  5 centaurs
  5 ogres
  4 wolves (Lair:1)
  7 bullfrogs
  A kobold brigand (D:8)
  2 scorpions (D:5)
  Dowan (D:4)
  3 wights (D:5)
  4 killer bees (D:8)
  A howler monkey (D:4)
  2 centaur zombies
  A jelly (D:4)
  2 hounds
  2 gnoll shamans
  Crazy Yiuf (D:2)
  3 orc priests (D:3)
  7 iguanas
  Natasha (twice) (D:2)
  7 orc wizards
  A hound skeleton (D:4)
  Robin (D:2)
  8 adders
  20 gnolls
  A howler monkey skeleton (D:7)
  4 river rats (D:6)
  A white imp (D:8)
  3 ufetubi
  An adder skeleton (D:4)
  5 worms
  A dart slug (D:4)
  48 orcs
  5 bats
  8 endoplasms
  5 giant cockroaches
  11 goblins
  12 hobgoblins
  26 jackals
  6 quokkas
  12 ball pythons
  5 frilled lizards
  20 kobolds
  5 rats
324 creatures vanquished.

Vanquished Creatures (others)
  A bullfrog (Lair:1)
  A water moccasin zombie (D:5)
  A kobold (D:8)
  13 fulminant prisms
  10 fungi
  17 plants
43 creatures vanquished.

Grand Total: 367 creatures vanquished

Notes
Turn   | Place    | Note
-------+----------+-------------------------------------------
     0 | D:1      | DearestLeader the Octopode Conjurer began the quest for the
                  | Orb.
     0 | D:1      | Reached XP level 1. HP: 11/11 MP: 3/3
   127 | D:1      | Found a faded altar of an unknown god.
   281 | D:1      | Reached XP level 2. HP: 17/17 MP: 1/5
   284 | D:1      | Learned a level 2 spell: Searing Ray
   787 | D:1      | Reached XP level 3. HP: 21/21 MP: 3/6
  1644 | D:2      | Noticed Natasha
  1649 | D:2      | Killed Natasha
  1650 | D:2      | Reached skill level 5 in Conjurations
  1650 | D:2      | Reached XP level 4. HP: 20/27 MP: 2/7
  2099 | D:2      | Found Niali's Armour Boutique.
  2366 | D:2      | Found a runed translucent door.
  2367 | D:2      | Noticed Crazy Yiuf
  2573 | D:2      | Noticed Robin
  2589 | D:2      | Reached XP level 5. HP: 23/31 MP: 2/8
  2685 | D:2      | Killed Robin
  2686 | D:2      | Reached skill level 1 in Shields
  2798 | D:2      | Learned a level 4 spell: Fulminant Prism
  3044 | D:2      | Killed Crazy Yiuf
  3297 | D:2      | Noticed Natasha
  3302 | D:2      | Killed Natasha
  3303 | D:2      | Reached skill level 5 in Stealth
  3836 | D:3      | Reached skill level 6 in Conjurations
  3836 | D:3      | Reached XP level 6. HP: 36/36 MP: 5/9
  4286 | D:3      | Found a transporter.
  4290 | D:3      | Noticed RawMediocrity's ghost (amateur HuFi)
  4321 | D:3      | Found a transporter.
  4730 | D:4      | Found a staircase to the Ecumenical Temple.
  4740 | Temple   | Entered the Ecumenical Temple
  4861 | Temple   | Became a worshipper of Ru the Awakened
  4981 | D:4      | Reached XP level 7. HP: 40/41 MP: 3/10
  5128 | D:4      | Found a snail-covered altar of Cheibriados.
  5137 | D:4      | HP: 2/41 [orc (2)]
  5159 | D:4      | Found a glowing golden altar of the Shining One.
  5178 | D:4      | Reached skill level 7 in Conjurations
  5603 | D:4      | Noticed Duvessa
  5603 | D:4      | Noticed Dowan
  6374 | D:4      | Gained mutation: You are hated by all. [Ru sacrifice]
  6374 | D:4      | Reached * piety under Ru
  6374 | D:4      | Reached ** piety under Ru
  6586 | D:4      | Reached skill level 1 in Hexes
  6586 | D:4      | Reached XP level 8. HP: 46/46 MP: 2/11
  6681 | D:4      | Identified the +7 dagger of Yckei {elec, rF+ rCorr Int+7}
  7244 | D:4      | Reached skill level 8 in Conjurations
  7385 | D:4      | Killed Duvessa
  7397 | D:4      | Killed Dowan
  7398 | D:4      | Reached skill level 1 in Short Blades
  7649 | D:5      | Entered Level 5 of the Dungeon
  8194 | D:5      | Reached XP level 9. HP: 51/51 MP: 14/14
  8656 | D:6      | Reached skill level 9 in Conjurations
  8720 | D:6      | Found a glowing drain.
  8724 | Sewer    | Entered a sewer
  8799 | Sewer    | Identified the +0 scale mail "Orrook Woxku" {Drain Will-
                  | rCorr Str+4}
  8921 | D:6      | Found a faded altar of an unknown god.
  9707 | D:7      | Reached skill level 10 in Conjurations
  9964 | D:7      | Found an ancient bone altar of Kikubaaqudgha.
 10049 | D:7      | Found a shimmering altar of Xom.
 10056 | D:7      | Learned a level 3 spell: Dazzling Flash
 10080 | D:7      | Noticed Harold
 10101 | D:7      | Killed Harold
 10102 | D:7      | Reached skill level 1 in Fighting
 10102 | D:7      | Reached XP level 10. HP: 18/60 MP: 0/16
 10436 | D:7      | Reached skill level 5 in Dodging
 10436 | D:7      | Identified the +1 hand axe of Jumimaac {venom, rF+ Will+}
 10929 | D:8      | HP: 1/60 [killer bee (3)]
 10940 | D:8      | HP: 3/60 [poisoned by a killer bee]
 11365 | D:8      | Found a staircase to the Lair.
 11369 | D:8      | Noticed Maurice
 11374 | D:8      | Paralysed by Maurice for 2 turns
 11382 | D:8      | Killed Maurice
 11383 | D:8      | Reached skill level 5 in Short Blades
 11881 | Lair:1   | Entered Level 1 of the Lair of Beasts
 11985 | Lair:1   | Noticed a cane toad
 11995 | Lair:1   | Killed a cane toad
 11996 | Lair:1   | Reached skill level 11 in Conjurations
 12037 | Lair:1   | Noticed a cane toad
 12046 | Lair:1   | Killed a cane toad
 12262 | Lair:1   | Reached XP level 11. HP: 44/67 MP: 7/17
 12318 | Lair:1   | Noticed a five-headed hydra
 12403 | Lair:1   | Killed a five-headed hydra
 12936 | Lair:1   | Identified the +6 spear "Vihichi" {vorpal, Int+5}
 14196 | Lair:2   | Noticed a death yak
 14196 | Lair:2   | Noticed a death yak
 14196 | Lair:2   | Noticed a death yak
 14196 | Lair:2   | Noticed a death yak
 14197 | Lair:2   | Noticed an oklob plant
 14197 | Lair:2   | Noticed an oklob plant
 14197 | Lair:2   | Noticed a seven-headed hydra
 14197 | Lair:2   | Noticed an oklob plant
 14197 | Lair:2   | Noticed an oklob plant
 14197 | Lair:2   | Noticed a death yak
 14199 | Lair:2   | Noticed a death yak
 14219 | Lair:3   | Killed a death yak
 14220 | Lair:3   | Reached skill level 12 in Conjurations
 14415 | Lair:3   | Reached skill level 5 in Fighting
 14415 | Lair:3   | Reached skill level 5 in Hexes
 15409 | Lair:3   | Reached XP level 12. HP: 73/77 MP: 18/18
 15825 | Lair:4   | Noticed Kirke
 15844 | Lair:3   | Killed Kirke
 15845 | Lair:3   | Reached skill level 10 in Stealth
 16183 | Lair:3   | Killed a death yak
 16186 | Lair:3   | Killed a death yak
 16537 | Lair:2   | Gained mutation: You are clumsy. (Dex -2) [Ru sacrifice]
 16618 | Lair:2   | HP: 3/77 [cane toad (10)]
 16619 | Lair:2   | Slain by a cane toad

Illustrated notes

Levels and vault maps discovered:
D:1:      roderic_dead_forest, layout_basic, ebering_ecumenical_altar_abandoned,
          serial_corexii_hall, chequers_hall_statues_wall_a,
          corexii_hall_statues_i, grunt_decor_cap, minmay_split_cup_small
D:2:      layout_loops_corners, serial_shops, nicolae_shop_stone, uniq_robin,
          uniq_crazy_yiuf_cottage, uniq_natasha
D:3:      layout_rooms, gammafunk_ghost_mausoleum, chequers_serial_rivers_room_a
D:4:      lemuel_castle_with_subvaults [lemuel_castle_interior_carwin_3],
          layout_basic, nicolae_overflow_hidden_temple,
          minmay_temple_entry_drinking_statues, serial_corexii_hall,
          corexii_hall_statues_l, corexii_hall_statues_i, uniq_duvessa
D:5:      layout_loops_corners
D:6:      layout_cave_pools, serial_column_ruins, column_ruins_temple_circle,
          column_ruins_open_small, column_ruins_columns_corner,
          column_ruins_columns_straight, column_ruins_open_small,
          gup_sewer_entry_spiral
D:7:      layout_cave_pools, mainiacjoe_overflow_catwalk_spiral,
          kb_lookout_dungeons_type, uniq_harold
D:8:      layout_basic, lair_entry_dummy, nicolae_benzene_ring,
          lemuel_flame_loot_1, uniq_maurice
Temple:   eino_temple_scatter_basement
Lair:1:   layout_regular_city, grunt_megastairs_4
Lair:2:   layout_chaotic_city, beast_lair_carwin_9, minmay_lair_oklob_chamber
Lair:3:   layout_layer_cave, grunt_megastairs_3
Lair:4:   layout_hall_layers, minmay_swamp_entry_wisps,
          nicolae_spider_entry_non_spiders, worms_lemuel, uniq_kirke

Skill      XL: |  1  2  3  4  5  6  7  8  9 10 11 12 |
---------------+-------------------------------------+-----
Stealth        | 3 4 5 6 7 9 10 | 10.0
Conjurations   | 5 6 7 8 10 11 12 | 12.8
Shields        | 1 2 3 4 |  4.0
Hexes          | 1 2 4 5 |  5.9
Spellcasting   | 3 4 |  4.2
Short Blades   | 2 4 5 7 8 |  8.0
Dodging        | 4 5 6 |  6.7
Fighting       | 1 3 5 |  5.1

Action                   |  1- 3 |  4- 6 |  7- 9 | 10-12 || total
-------------------------+-------+-------+-------+-------++-------
Melee: Unarmed           |     3 |       |       |       ||     3
       Dagger            |     8 |    15 |    99 |   118 ||   240
       Tentacles         |     4 |     4 |    20 |    12 ||    40
       Constrict         |     4 |    13 |    37 |    19 ||    73
       Whip              |       |    45 |    78 |       ||   123
Throw: Dart              |       |       |     6 |    10 ||    16
 Cast: Magic Dart        |    26 |     3 |     7 |     2 ||    38
       Searing Ray       |    13 |    26 |    52 |    53 ||   144
       Fulminant Prism   |       |     1 |     3 |     9 ||    13
Invok: Sacrifice Love    |       |       |     1 |       ||     1
       Reject Sacrifices |       |       |     1 |       ||     1
       Sacrifice Purity  |       |       |       |     1 ||     1
  Use: Scroll            |       |       |     4 |     8 ||    12
       Potion            |       |       |     3 |     7 ||    10
 Stab: Sleeping          |     1 |     4 |    19 |     8 ||    32
       Distracted        |       |       |     1 |       ||     1
Armor: Skin              |       |    15 |    19 |    15 ||    49
Dodge: Dodged            |    14 |    86 |   114 |   131 ||   345
Block: Buckler           |       |       |    45 |    97 ||   142
       Reflection        |       |       |     3 |     3 ||     6
